 Dungeon Crawl Stone Soup version 0.20.1-1-g8b1a95d (webtiles) character file.

83 Nattfarinn the Vexing (level 4, -1/30 HPs)
             Began as a Vampire Enchanter on Aug 2, 2017.
             Slain by a hobgoblin (5 damage)
             ... on level 2 of the Dungeon.
             The game lasted 00:06:23 (1098 turns).

Nattfarinn the Vexing (Vampire Enchanter)           Turns: 1098, Time: 00:06:24

Health: -1/30      AC:  2    Str: 12    XL:     4   Next: 22%
Magic:  0/7        EV: 12    Int: 18    God:
Gold:   47         SH:  0    Dex: 14    Spells: 3/7 levels left

rFire    . . .     SeeInvis +   a - +1 dagger
rCold    . . .     Gourm    .   (no shield)
rNeg     . . .     Faith    .   b - +0 robe
rPois    .         Spirit   .   (no helmet)
rElec    .         Reflect  .   (no cloak)
rCorr    .         Harm     .   (no gloves)
MR       .....                  (no boots)
Stlth    +++.......             (no amulet)
Regen    0.3/turn               (no ring)
MPRegen  0.1/turn               (no ring)

@: mighty, regenerating quickly
A: fangs 3, see invisible, unbreathing
a: no special abilities


You were on level 2 of the Dungeon.
You were very full.

You visited 1 branch of the dungeon, and saw 2 of its levels.

You collected 47 gold pieces.

Inventory:

Hand Weapons
 a - a +1 dagger (weapon)
 h - a +0 dagger
Armour
 b - a +0 robe (worn)
Scrolls
 e - a scroll of fog {unknown}
 k - a scroll of identify
Potions
 d - 5 potions of blood
 g - a potion of degeneration {unknown}
 i - a potion of might
 j - a potion of mutation {unknown}
Books
 c - a book of Maledictions

   Spells                             Type                      Level
   a - Corona                         Hexes                        1
   b - Ensorcelled Hibernation        Hexes/Ice                    2
   c - Confuse                        Hexes                        3
   d - Tukima's Dance                 Hexes                        3
   e - Dazzling Spray                 Conjuration/Hexes            3


   Skills:
 - Level 1.1 Short Blades
 - Level 2.1 Dodging
 + Level 5.6 Stealth
 - Level 2.0 Spellcasting
 * Level 6.7 Hexes


You had 3 spell levels left.
You knew the following spells:

 Your Spells              Type           Power        Failure   Level  Hunger
a - Corona                Hex            ####...      1%          1    #......
b - Tukima's Dance        Hex            ####....     3%          3    ###....


Dungeon Overview and Level Annotations

Branches:
Dungeon (2/15)

Altars:


Innate Abilities, Weirdness & Mutations

Your natural rate of healing is unusually fast.
You have razor-sharp teeth.
You have supernaturally acute eyesight. (SInv)
You can survive without breathing.


Message History

The hobgoblin barely resists.
The hobgoblin barely misses you.
The hobgoblin hits you but does no damage.
Casting: Tukima's Dance
Confirm with . or Enter, or press ? or * to list all spells.
Aiming: Tukima's Dance
Press: ? - help, Shift-Dir - straight line, f/p - hobgoblin
Aim: a hobgoblin, wielding a club (chance to defeat MR: 80%)
The club dances into the air!
The hobgoblin hits you.
* * * LOW HITPOINT WARNING * * *
The hobgoblin hits you.
* * * LOW HITPOINT WARNING * * *
You puncture the hobgoblin!
You kill the hobgoblin!
You barely miss the goblin. The hobgoblin hits you.
* * * LOW HITPOINT WARNING * * *
Your club misses the hobgoblin. The goblin hits you but does no damage.
You puncture the goblin!
You kill the goblin!
The hobgoblin hits you.
You die...

..#.... #...# #.# #.....
.......## ##..####.# #.....
#.)## #.....##.# #.....
##.†##
###.#...#..#####.>...
##..###...###.....#........
##(....####...##...##.....
#..#######(#........#####
##..# #.g.#.....##)### #
##(.# #@###....###...###
##gg.####g# ###### ###....
#[.#g.S.#.# #####
#.gg.S#####.>g# ##...
#.g##### #.### #####..## #g
### #.)...## #######


You could see a hobgoblin, 2 goblins and a friendly club.

Vanquished Creatures
  3 adders (D:2)
  An ooze (D:2)
  A dart slug (D:1)
  2 leopard geckos (D:1)
  12 goblins
  5 hobgoblins
  A ball python (D:1)
  5 bats
  2 frilled lizards (D:1)
  4 kobolds
  6 rats
42 creatures vanquished.

Vanquished Creatures (collateral kills)
  Robin (D:2)
  A goblin (D:2)
2 creatures vanquished.

Grand Total: 44 creatures vanquished

Notes
Turn   | Place    | Note
-------+----------+-------------------------------------------
     0 | D:1      | Nattfarinn the Vampire Enchanter began the quest for the Orb.
     0 | D:1      | Reached XP level 1. HP: 13/13 MP: 3/3
   152 | D:1      | Reached XP level 2. HP: 11/19 MP: 5/5
   300 | D:1      | Reached skill level 5 in Hexes
   831 | D:2      | Reached XP level 3. HP: 24/24 MP: 6/6
   859 | D:2      | Learned a level 3 spell: Tukima's Dance
   866 | D:2      | Reached skill level 5 in Stealth
   866 | D:2      | Reached skill level 6 in Hexes
   884 | D:2      | Noticed Robin
  1069 | D:2      | Killed Robin
  1070 | D:2      | Reached XP level 4. HP: 13/30 MP: 3/7
  1098 | D:2      | Slain by a hobgoblin

Skill      XL: |  1  2  3 |
---------------+----------+-----
Hexes          | 5 6 |  6.7
Stealth        | 5 |  5.6
Short Blades   | |  1.1
Dodging        | |  2.1
Spellcasting   | |  2.0

Action                   |  1- 3 |  4- 6 || total
-------------------------+-------+-------++-------
Melee: Dagger            |   135 |    14 ||   149
       Bite              |     7 |     1 ||     8
 Cast: Corona            |     2 |       ||     2
       Tukima's Dance    |     1 |     2 ||     3
  Use: Scroll            |     2 |       ||     2
       Potion            |       |     2 ||     2
 Stab: Sleeping          |    10 |       ||    10
       Distracted        |     1 |       ||     1
  Eat: Corpse            |     9 |       ||     9
Armor: Robe              |    31 |     2 ||    33
Dodge: Dodged            |   102 |     8 ||   110
